 Dungeon Crawl Stone Soup version 0.21-a0-528-gf531e82 (webtiles) character file.

107 KristoblXynda the Slasher (level 4, 0/38 HPs)
             Began as a Draconian Monk on Dec 8, 2017.
             Slain by an orc
             ... wielding a +0 trident
              (2 damage)
             ... on level 3 of the Dungeon.
             The game lasted 00:03:48 (2054 turns).

KristoblXynda the Slasher (Draconian Monk)          Turns: 2054, Time: 00:03:50

Health: 0/38       AC:  7    Str: 14    XL:     4   Next: 57%
Magic:  13/13      EV: 13    Int: 16    God:
Gold:   91         SH:  0    Dex: 13    Spells: 3/3 levels left

rFire    . . .     SeeInvis .   a - +1 falchion
rCold    . . .     Gourm    .   (no shield)
rNeg     . . .     Faith    .   (armour unavailable)
rPois    .         Spirit   .   (helmet restricted)
rElec    .         Reflect  .   (no cloak)
rCorr    .         Harm     .   c - +1 pair of gloves
MR       +....                  (no boots)
Stlth    ++........             (no amulet)
HPRegen  0.12/turn              j - ring of magical power
MPRegen  0.13/turn              d - ring of protection from magic

@: brilliant, berserk cooldown, slowed, very slow
A: unfitting armour, cold-blooded, AC +5
a: no special abilities


You were on level 3 of the Dungeon.
You were hungry.

You visited 1 branch of the dungeon, and saw 3 of its levels.

You collected 91 gold pieces.

Inventory:

Hand Weapons
 a - a +1 falchion (weapon)
Armour
 c - a +1 pair of gloves (worn)
Jewellery
 d - a ring of protection from magic (right hand)
 j - a ring of magical power (left hand)
Scrolls
 e - a scroll of noise {unknown}
 h - a scroll of enchant armour
 i - a scroll of identify {unknown}
 k - a scroll of amnesia {unknown}
Potions
 g - a potion of flight
 o - a potion of might {unknown}
Comestibles
 b - 5 bread rations
 f - 2 royal jellies


   Skills:
 - Level 3.2 Fighting
 + Level 3.9 Long Blades
 + Level 3.5 Dodging
 + Level 3.1 Stealth


You had 3 spell levels left.
You didn't know any spells.

Dungeon Overview and Level Annotations

Branches:
Dungeon (3/15)

Altars:
Vehumet


Innate Abilities, Weirdness & Mutations

Your plain brown scales are hard. (AC +5)
You cannot fit into any form of body armour.
You are cold-blooded and may be slowed by cold attacks.


Message History

It was a potion of berserk rage.
A red film seems to cover your vision as you go berserk!
You feel yourself moving faster!
You feel mighty! The orc hits you but does no damage.
You feel a strong urge to attack something.
The orc hits you but does no damage.
You feel your anger nearly subside. The orc hits you but does no damage.
You are no longer berserk.
You pass out from exhaustion.
You feel yourself slow down. The orc hits you but does no damage. x3
You feel less wooden.
Your +1 pair of gloves unmelds from your body.
The orc barely misses you.
You can move again.
It was a potion of brilliance.
You feel clever all of a sudden.
The orc hits you from afar with a trident.
You die...

.............. #.
............ .######
###........##........
.....................
#........##........
###....)...##........
.###.....()o..##........
.......)##†.......#.....
..(....@(o.%......#.....
.......###(.......#.....
.....##.................
........................
... ....................
.. ......#.##..........
. .##.#.#.##..........
#.#.#.........###. .
#.#.........# ##


You could see an orc.

Vanquished Creatures
  2 adders
  2 oozes
  2 worms (D:2)
  3 leopard geckos
  5 orcs (D:3)
  6 bats
  A giant cockroach (D:3)
  5 goblins (D:1)
  A hobgoblin (D:2)
  4 jackals (D:1)
  9 kobolds
  2 quokkas
  3 ball pythons
  3 frilled lizards
  23 rats
71 creatures vanquished.

Notes
Turn   | Place    | Note
-------+----------+-------------------------------------------
     0 | D:1      | KristoblXynda the Draconian Monk began the quest for the Orb.
     0 | D:1      | Reached XP level 1. HP: 19/19 MP: 1/1
   192 | D:1      | Reached XP level 2. HP: 22/26 MP: 2/2
   750 | D:2      | Reached XP level 3. HP: 29/31 MP: 3/3
  1176 | D:2      | Reached XP level 4. HP: 30/38 MP: 4/4
  1881 | D:3      | Found a radiant altar of Vehumet.
  2054 | D:3      | Slain by an orc

Vault maps used:
D:1:      matt_arrival_refuge, serial_forest, infiniplex_forest_clump_curved,
          infiniplex_forest_3_way, infiniplex_forest_corner_1,
          infiniplex_forest_straight_3, infiniplex_forest_join,
          infiniplex_forest_clump_tiny
D:2:      first_bread, minmay_rat_hole
D:3:      fiery_altar_vehumet

Skill      XL: |  1  2  3  4 |
---------------+-------------+-----
Stealth        | 2 3 |  3.1
Dodging        | 3 |  3.5
Fighting       | |  3.2
Long Blades    | |  3.9

Action                   |  1- 3 |  4- 6 || total
-------------------------+-------+-------++-------
Melee: Falchion          |   110 |    51 ||   161
       Tailslap          |    15 |     7 ||    22
  Use: Scroll            |       |     4 ||     4
       Potion            |       |     4 ||     4
 Stab: Sleeping          |     6 |     2 ||     8
  Eat: Chunk             |     1 |     2 ||     3
Armor: Skin              |    46 |    45 ||    91
Dodge: Dodged            |   114 |    68 ||   182
       Rpst.: Falchion   |    32 |    18 ||    50

Table legend:
 A = Spawn XP
 B = Non-spawn XP
 C = Spawn XP percentage of total XP
 D = Spawn monster count
 E = Non-spawn monster count
 F = Spawn count percentage of total count
 G = Total turns spent on level
                    A         B        C        D         E        F      G
               +---------+---------+-------+---------+---------+-------+---------
         Total |       0 |     154 |   0.0 |       0 |      71 |   0.0 |  2054
               +---------+---------+-------+---------+---------+-------+---------
           D:1 |       0 |      39 |   0.0 |       0 |      21 |   0.0 |   743
           D:2 |       0 |      68 |   0.0 |       0 |      34 |   0.0 |   906
           D:3 |       0 |      47 |   0.0 |       0 |      16 |   0.0 |   405
               +---------+---------+-------+---------+---------+-------+---------
